AoeStats
← Muli

Hideout

507169465Analyzed
1v1 RM · 14d ago on Sep 17, 2026· 35m 50s· 2 players
Game mode
Random Map
Map size
Tiny (2 player)
Population
200
Speed
Normal
Resources
Standard
Victory
Conquest
Starting age
Dark Age
Ending age
Imperial Age
RankedLock teamsTeams togetherTeam positionsShared explorationLock speedFull tech treeHidden civsTurbo modeCheats
Victory
Defeat
🇺🇸 Dravidians · United States
1108
+17
🇩🇪 Maya · Germany
1124
-17
hothamcomingthru
6:30 Loom
9:09 Feudal Age
10:06 Horse Collar
10:13 Double-Bit Axe
10:49 Man-at-Arms
23:15 Castle Age
21:08 Gold Mining
22:14 Scale Mail Armor
23:38 Long Swordsman
24:20 Squires
24:57 Fletching
25:36 Chain Mail Armor
25:04 Elite Skirmisher
30:45 Wheelbarrow
33:34 Imperial Age
32:55 Squires
33:19 Gambesons
33:47 Forging
33:44 Two-Handed Swordsman
36:27 Chemistry
Muli
0:28 Loom
10:48 Feudal Age
10:54 Feudal Age
16:04 Fletching
19:57 Castle Age
22:27 Bodkin Arrow
23:05 Crossbowman
26:19 Wheelbarrow
28:47 Double-Bit Axe
28:43 Horse Collar
32:08 Ballistics
33:29 Fortified Wall
33:23 Padded Archer Armor
37:48 Imperial Age
Connection lost

Rejoining the realm…

Still unreachable

The connection could not be restored.

Session expired

The server has moved on; the page needs a fresh start.